TOP OF THE 1ST |
Lynchburg Hillcats batting - Pitching for Frederick Keys : RHP Gavin Nelson
|
Pitching: RHP Gavin Nelson
|
|
Batting: LHB Devon Grant
|
0-0: Swinging Strike 0-1: Ball 1-1: Ball 2-1: Ball 3-1: Called Strike 3-2: Strikes out looking
|
Batting: RHB Andy Lewis
|
0-0: Ball 1-0: Ball 2-0: Ground out U3 (Groundball, 34S, EV 74.4 MPH)
|
Batting: LHB John Harring
|
0-0: Foul Ball, location: 2F 0-1: Foul Ball, location: 2F 0-2: Ball 1-2: Ball 2-2: Ball 3-2: Foul Ball, location: 2F 3-2: SINGLE (Line Drive, 56D, EV 96.2 MPH)
|
Batting: LHB Aaron Manees
|
0-0: DOUBLE (Groundball, 3L, EV 103.8 MPH) John Harring to third Runner from 3rd tries for Home, SAFE, throw by RF to home
|
Batting: LHB Jose Esteban
|
0-0: Ball 1-0: Swinging Strike 1-1: Ball 2-1: Called Strike 2-2: Foul Ball, location: 2F 2-2: Strikes out swinging
|
Top of the 1st over - 1 run, 2 hits, 0 errors, 1 left on base; Lynchburg 1 - Frederick 0 |
BOTTOM OF THE 1ST |
Frederick Keys batting - Pitching for Lynchburg Hillcats : LHP Roberto Liza
|
Pitching: LHP Roberto Liza
|
|
Batting: RHB Mario Luna
|
0-0: Ball 1-0: Ball 2-0: Ball 3-0: Base on Balls
|
Batting: RHB J.J. Basil
|
0-0: Ball 1-0: Ball 2-0: Called Strike 2-1: Ball 3-1: SINGLE (Line Drive, 56, EV 106.2 MPH) Mario Luna to second
|
Batting: RHB Ryan Vest
|
0-0: Fielders Choice at 2nd, 6-4 (Groundball, 6, EV 93.1 MPH) Mario Luna to third
|
Batting: RHB Hunter Neumann
|
0-0: Called Strike 0-1: Ball 1-1: Called Strike Ryan Vest steals 2nd base 1-2: Ball 2-2: Foul Ball, location: 2F 2-2: Ball Passed Ball! Mario Luna scores Ryan Vest to third 3-2: Base on Balls
|
Batting: LHB Mike Sloan
|
0-0: Ball 1-0: Swinging Strike Passed Ball! Ryan Vest scores Hunter Neumann to second 1-1: Ball 2-1: Foul Ball, location: 2F 2-2: Ball Passed Ball! Hunter Neumann to third 3-2: SINGLE (Groundball, 56D, EV 106.2 MPH) Hunter Neumann scores
|
Batting: RHB John Barton
|
0-0: Called Strike 0-1: Fly out, F3 (Popup, 3F, EV 65.6 MPH)
|
Batting: RHB Fernando Bravo
|
0-0: Ball 1-0: Swinging Strike 1-1: Ball Passed Ball! Mike Sloan to second 2-1: Foul Ball, location: 2F 2-2: Foul Ball, location: 2F 2-2: Foul Ball, location: 2F 2-2: Ground out 6-3 (Groundball, 6, EV 88.8 MPH)
|
Bottom of the 1st over - 3 runs, 2 hits, 0 errors, 1 left on base; Lynchburg 1 - Frederick 3 |
TOP OF THE 2ND |
Lynchburg Hillcats batting - Pitching for Frederick Keys : RHP Gavin Nelson
|
Batting: RHB Nate Souza
|
0-0: Called Strike 0-1: Foul Ball, location: 2F 0-2: Ball 1-2: Strikes out swinging
|
Batting: RHB Nesty Pulido
|
0-0: Called Strike 0-1: Ball 1-1: Foul Ball, location: 2F 1-2: Ground out U3 (Groundball, 34, EV 86.9 MPH)
|
Batting: RHB Malachi Shelton
|
0-0: Called Strike 0-1: Called Strike 0-2: Strikes out looking
|
Top of the 2nd over - 0 runs, 0 hits, 0 errors, 0 left on base; Lynchburg 1 - Frederick 3 |
BOTTOM OF THE 2ND |
Frederick Keys batting - Pitching for Lynchburg Hillcats : LHP Roberto Liza
|
Batting: RHB Ray Sims
|
0-0: Called Strike 0-1: Swinging Strike 0-2: Ball 1-2: Ball 2-2: Ball 3-2: Strikes out swinging
|
Batting: RHB Scott Boyd
|
0-0: SINGLE (Groundball, 6MD, EV 99.4 MPH)
|
Batting: RHB Mario Luna
|
0-0: Foul Ball, location: 2F 0-1: Foul Ball, location: 2F 0-2: Strikes out swinging
|
Batting: RHB J.J. Basil
|
0-0: Ground out 5-3 (Groundball, 56S, EV 88.8 MPH)
|
Bottom of the 2nd over - 0 runs, 1 hit, 0 errors, 1 left on base; Lynchburg 1 - Frederick 3 |
TOP OF THE 3RD |
Lynchburg Hillcats batting - Pitching for Frederick Keys : RHP Gavin Nelson
|
Batting: LHB Victor Amador
|
0-0: Foul Ball, location: 2F 0-1: Ground out 3-1 (Groundball, 34, EV 89.4 MPH)
|
Batting: LHB Devon Grant
|
0-0: Ball 1-0: Ball 2-0: Called Strike 2-1: Ball 3-1: Swinging Strike 3-2: Strikes out swinging
|
Batting: RHB Andy Lewis
|
0-0: Ball 1-0: Ball 2-0: Ball 3-0: Called Strike 3-1: Foul Ball, location: 2F 3-2: Ground out 4-3 (Groundball, 4, EV 80.6 MPH)
|
Top of the 3rd over - 0 runs, 0 hits, 0 errors, 0 left on base; Lynchburg 1 - Frederick 3 |
BOTTOM OF THE 3RD |
Frederick Keys batting - Pitching for Lynchburg Hillcats : LHP Roberto Liza
|
Batting: RHB Ryan Vest
|
0-0: Ball 1-0: Ball 2-0: Ball 3-0: Base on Balls
|
Batting: RHB Hunter Neumann
|
0-0: Called Strike 0-1: 2-RUN HOME RUN (Flyball, 7D, EV 100.6 MPH), Distance : 368 ft
|
Batting: LHB Mike Sloan
|
0-0: Foul Ball, location: 2F 0-1: Ball 1-1: Ground out 6-3 (Groundball, 6M, EV 105.0 MPH)
|
Batting: RHB John Barton
|
0-0: Foul Ball, location: 2F 0-1: Reached on error, E4 (Groundball, 4M, EV 80.0 MPH)
|
Batting: RHB Fernando Bravo
|
0-0: Ball John Barton steals 2nd base 1-0: Ball 2-0: Called Strike 2-1: Ball 3-1: Called Strike 3-2: Base on Balls
|
Batting: RHB Ray Sims
|
0-0: SINGLE (Line Drive, 89M, EV 86.9 MPH) John Barton to third Fernando Bravo to second
|
Batting: RHB Scott Boyd
|
0-0: Called Strike 0-1: Ball 1-1: Called Strike 1-2: Ball 2-2: Ball 3-2: Foul Ball, location: 2F 3-2: Base on Balls John Barton scores Fernando Bravo to third Ray Sims to second
|
Pitching: RHP Gilbert Paparelli
|
|
Batting: RHB Mario Luna
|
0-0: Fly out, F8 (Flyball, 8LD, EV 96.9 MPH) Runner from 3rd tags up, SCORES, no throw by CF
|
Batting: RHB J.J. Basil
|
0-0: Ball 1-0: Ball Wild Pitch! Ray Sims to third Scott Boyd to second 2-0: Swinging Strike 2-1: 3-RUN HOME RUN (Flyball, 7LD, EV 93.8 MPH), Distance : 348 ft
|
Batting: RHB Ryan Vest
|
0-0: Ball 1-0: Called Strike 1-1: Swinging Strike 1-2: Strikes out looking
|
Bottom of the 3rd over - 7 runs, 3 hits, 1 error, 0 left on base; Lynchburg 1 - Frederick 10 |
TOP OF THE 4TH |
Lynchburg Hillcats batting - Pitching for Frederick Keys : RHP Gavin Nelson
|
Batting: LHB John Harring
|
0-0: Ball 1-0: Ball 2-0: Swinging Strike 2-1: Ground out 3-1 (Groundball, 13, EV 91.9 MPH)
|
Batting: LHB Aaron Manees
|
0-0: Ball 1-0: Foul Ball, location: 2F 1-1: Called Strike 1-2: Ball 2-2: Strikes out swinging
|
Batting: LHB Jose Esteban
|
0-0: Ball 1-0: Foul Ball, location: 2F 1-1: Ball 2-1: Swinging Strike 2-2: Foul Ball, location: 2F 2-2: Ground out 4-3 (Groundball, 4, EV 97.5 MPH)
|
Top of the 4th over - 0 runs, 0 hits, 0 errors, 0 left on base; Lynchburg 1 - Frederick 10 |
BOTTOM OF THE 4TH |
Frederick Keys batting - Pitching for Lynchburg Hillcats : RHP Gilbert Paparelli
|
Batting: RHB Hunter Neumann
|
0-0: Called Strike 0-1: Fly out, F8 (Flyball, 8RM, EV 93.8 MPH)
|
Batting: LHB Mike Sloan
|
0-0: Ball 1-0: Ball 2-0: Called Strike 2-1: Ball 3-1: Swinging Strike 3-2: Base on Balls
|
Batting: RHB John Barton
|
0-0: Ball 1-0: Swinging Strike 1-1: TRIPLE (Flyball, 7D, EV 91.9 MPH) Mike Sloan scores
|
Batting: RHB Fernando Bravo
|
0-0: Ball Wild Pitch! John Barton scores 1-0: Ball 2-0: Foul Ball, location: 2F 2-1: Swinging Strike 2-2: Foul Ball, location: 2F 2-2: Fly out, F8 (Flyball, 8LS, EV 96.9 MPH)
|
Batting: RHB Ray Sims
|
0-0: Called Strike 0-1: Called Strike 0-2: Ball 1-2: Strikes out swinging, 2-3 out at first.
|
Bottom of the 4th over - 2 runs, 1 hit, 0 errors, 0 left on base; Lynchburg 1 - Frederick 12 |
TOP OF THE 5TH |
Lynchburg Hillcats batting - Pitching for Frederick Keys : RHP Gavin Nelson
|
Batting: RHB Nate Souza
|
0-0: Called Strike 0-1: Swinging Strike 0-2: Ball 1-2: Ball 2-2: Foul Ball, location: 2F 2-2: Foul Ball, location: 2F 2-2: Ball 3-2: Ground out 5-3 (Groundball, 5, EV 103.8 MPH)
|
Batting: RHB Nesty Pulido
|
0-0: Foul Ball, location: 2F 0-1: Ball 1-1: Called Strike 1-2: Strikes out swinging
|
Batting: RHB Malachi Shelton
|
0-0: Called Strike 0-1: Swinging Strike 0-2: Foul Ball, location: 2F 0-2: Ball 1-2: Foul Ball, location: 2F 1-2: Ball 2-2: Strikes out swinging
|
Top of the 5th over - 0 runs, 0 hits, 0 errors, 0 left on base; Lynchburg 1 - Frederick 12 |
BOTTOM OF THE 5TH |
Frederick Keys batting - Pitching for Lynchburg Hillcats : RHP Gilbert Paparelli
|
Batting: RHB Scott Boyd
|
0-0: Ball 1-0: Called Strike 1-1: SINGLE (Line Drive, 9S, EV 91.9 MPH)
|
Batting: RHB Mario Luna
|
0-0: Fielders Choice at 2nd, 5-4 (Groundball, 56, EV 78.1 MPH)
|
Batting: RHB J.J. Basil
|
0-0: Ball Wild Pitch! Mario Luna to second 1-0: Ball 2-0: Ground out 5-3 (Groundball, 56, EV 86.2 MPH)
|
Batting: RHB Ryan Vest
|
0-0: Ball Passed Ball! Mario Luna to third 1-0: Called Strike 1-1: Swinging Strike 1-2: Foul Ball, location: 2F 1-2: Foul Ball, location: 2F 1-2: Foul Ball, location: 2F 1-2: Ball 2-2: 2-RUN HOME RUN (Line Drive, 9D, EV 108.1 MPH), Distance : 416 ft
|
Batting: RHB Hunter Neumann
|
0-0: Ground out 5-3 (Groundball, 56, EV 80.0 MPH)
|
Bottom of the 5th over - 2 runs, 2 hits, 0 errors, 0 left on base; Lynchburg 1 - Frederick 14 |
TOP OF THE 6TH |
Lynchburg Hillcats batting - Pitching for Frederick Keys : RHP Gavin Nelson
|
Batting: LHB Victor Amador
|
0-0: Ball 1-0: Called Strike 1-1: Called Strike 1-2: Strikes out swinging, 2-3 out at first.
|
Batting: LHB Devon Grant
|
0-0: Called Strike 0-1: Ball 1-1: Ball 2-1: Swinging Strike 2-2: Foul Ball, location: 2F 2-2: Ball 3-2: Strikes out swinging
|
Batting: RHB Andy Lewis
|
0-0: SINGLE (Line Drive, 34, EV 101.2 MPH)
|
Batting: LHB John Harring
|
0-0: Ball 1-0: Ground out 2-3 (Groundball, 2R, EV 71.9 MPH)
|
Top of the 6th over - 0 runs, 1 hit, 0 errors, 1 left on base; Lynchburg 1 - Frederick 14 |
BOTTOM OF THE 6TH |
Frederick Keys batting - Pitching for Lynchburg Hillcats : RHP Gilbert Paparelli
|
Batting: LHB Mike Sloan
|
0-0: Ball 1-0: Called Strike 1-1: Fly out, F6 (Popup, 6M, EV 75.0 MPH)
|
Batting: RHB John Barton
|
0-0: Ball 1-0: Swinging Strike 1-1: Foul Ball, location: 2F 1-2: Fly out, F8 (Flyball, 89M, EV 86.9 MPH)
|
Batting: RHB Fernando Bravo
|
0-0: Called Strike 0-1: Ball 1-1: Ground out U3 (Groundball, 34, EV 80.0 MPH)
|
Bottom of the 6th over - 0 runs, 0 hits, 0 errors, 0 left on base; Lynchburg 1 - Frederick 14 |
TOP OF THE 7TH |
Lynchburg Hillcats batting - Pitching for Frederick Keys : RHP Gavin Nelson
|
Batting: LHB Aaron Manees
|
0-0: Called Strike 0-1: Swinging Strike 0-2: Ball 1-2: Ball 2-2: Foul Ball, location: 2F 2-2: Foul Ball, location: 2F 2-2: Foul Ball, location: 2F 2-2: Strikes out looking
|
Pitching: RHP Ryan Kotter
|
|
Batting: LHB Jose Esteban
|
0-0: Ball 1-0: Called Strike 1-1: Foul Ball, location: 2F 1-2: Ball 2-2: Ball 3-2: Fly out, F5 (Popup, 25F, EV 89.4 MPH)
|
Batting: RHB Nate Souza
|
0-0: Ball 1-0: Foul Ball, location: 2F 1-1: Ball 2-1: Foul Ball, location: 2F 2-2: Ball 3-2: Fly out, F7 (Line Drive, 7LS, EV 110.0 MPH)
|
Top of the 7th over - 0 runs, 0 hits, 0 errors, 0 left on base; Lynchburg 1 - Frederick 14 |
BOTTOM OF THE 7TH |
Frederick Keys batting - Pitching for Lynchburg Hillcats : RHP Gilbert Paparelli
|
Pitching: RHP Mario del Rio
|
|
Batting: RHB Ray Sims
|
0-0: Ball 1-0: Called Strike 1-1: Ground out 4-3 (Groundball, 4, EV 95.0 MPH)
|
Batting: RHB Scott Boyd
|
0-0: Called Strike 0-1: Ball 1-1: Ground out 4-3 (Groundball, 4, EV 111.2 MPH)
|
Batting: RHB Mario Luna
|
0-0: Fly out, F6 (Line Drive, 6MD, EV 70.6 MPH)
|
Bottom of the 7th over - 0 runs, 0 hits, 0 errors, 0 left on base; Lynchburg 1 - Frederick 14 |
TOP OF THE 8TH |
Lynchburg Hillcats batting - Pitching for Frederick Keys : RHP Ryan Kotter
|
Batting: RHB Nesty Pulido
|
0-0: Ball 1-0: Ball 2-0: Foul Ball, location: 2F 2-1: Foul Ball, location: 2F 2-2: Ground out 6-3 (Groundball, 6, EV 102.5 MPH)
|
Batting: RHB Malachi Shelton
|
0-0: Ball 1-0: Fly out, F8 (Flyball, 8RD, EV 103.8 MPH)
|
Batting: LHB Victor Amador
|
0-0: Called Strike 0-1: Called Strike 0-2: Strikes out swinging
|
Top of the 8th over - 0 runs, 0 hits, 0 errors, 0 left on base; Lynchburg 1 - Frederick 14 |
BOTTOM OF THE 8TH |
Frederick Keys batting - Pitching for Lynchburg Hillcats : RHP Mario del Rio
|
Batting: RHB J.J. Basil
|
0-0: Called Strike 0-1: Ball 1-1: Ball 2-1: Called Strike 2-2: Ball 3-2: Strikes out swinging
|
Batting: RHB Ryan Vest
|
0-0: Ball 1-0: Called Strike 1-1: Foul Ball, location: 2F 1-2: Strikes out swinging
|
Batting: RHB Hunter Neumann
|
0-0: Ball 1-0: DOUBLE (Line Drive, 7LD, EV 105.6 MPH)
|
Batting: LHB Mike Sloan
|
0-0: Called Strike 0-1: Ball 1-1: Ball Passed Ball! Hunter Neumann to third 2-1: Foul Ball, location: 2F 2-2: Foul Ball, location: 2F 2-2: Foul Ball, location: 2F 2-2: Fly out, F9 (Line Drive, 9S, EV 96.9 MPH)
|
Bottom of the 8th over - 0 runs, 1 hit, 0 errors, 1 left on base; Lynchburg 1 - Frederick 14 |
TOP OF THE 9TH |
Lynchburg Hillcats batting - Pitching for Frederick Keys : RHP Ryan Kotter
|
Batting: LHB Devon Grant
|
0-0: Foul Ball, location: 2F 0-1: Called Strike 0-2: Ball 1-2: Ball 2-2: Strikes out looking
|
Batting: RHB Andy Lewis
|
0-0: Ball 1-0: Ball 2-0: Called Strike 2-1: Foul Ball, location: 2F 2-2: Ball 3-2: Fly out, F8 (Flyball, 8RD, EV 106.2 MPH)
|
Batting: LHB John Harring
|
0-0: Ball 1-0: Foul Ball, location: 2F 1-1: Ball 2-1: Foul Ball, location: 2F 2-2: Ball 3-2: Ground out 6-3 (Groundball, 6, EV 96.9 MPH)
|
Top of the 9th over - 0 runs, 0 hits, 0 errors, 0 left on base; Lynchburg 1 - Frederick 14 |
|